 Dungeon Crawl Stone Soup version 0.16.1-25-gbcee3f8 (webtiles) character file.

73 drack the Skirmisher (level 4, -9/35 HPs)
             Began as a Mummy Fighter on May 22, 2015.
             Was an Initiate of Nemelex Xobeh.
             Mangled by a centaur warrior (11 damage)
             ... on level 1 of the Dungeon.
             The game lasted 00:08:29 (7124 turns).

drack the Skirmisher (Mummy Fighter)                Turns: 7124, Time: 00:08:29

Health: -9/35      AC:  6    Str: 20    XL:     4   Next: 8%
Magic:  4/4        EV:  7    Int:  7    God:    Nemelex Xobeh [......]
Gold:   43         SH:  9    Dex: 11    Spells: 0 memorised, 3 levels left

rFire  x . .     SeeInvis .     a - +0 flail
rCold  + . .     Clarity  .     b - +0 scale mail
rNeg   + + +     SustAb   .     c - +0 shield
rPois  ∞         Gourm    .     (no helmet)
rElec  .         Spirit   .     (no cloak)
rCorr  .         Warding  .     (no gloves)
rMut   .         Stasis   .     (no boots)
MR     .....                    (no amulet)
Stlth  ..........               (no ring)
                                (no ring)

@: not resistant to hostile enchantments, extremely unstealthy
A: no food or potions, fire vulnerability, restore body, cold resistance 1,
negative energy resistance 3, poison resistance, torment resistance, unbreathing
a: Renounce Religion


You were on level 1 of the Dungeon.
You worshipped Nemelex Xobeh.
Nemelex Xobeh was noncommittal.
You were not hungry.

You visited 1 branch of the dungeon, and saw 1 of its levels.

You collected 43 gold pieces.

Inventory:

Hand weapons
 a - a +0 flail (weapon)
 g - a +0 dagger
 i - a +0 club
 j - a +0 dagger
 l - a +0 dagger
 p - a +0 club
 r - a +0 club
 s - a +0 dagger
 t - a +0 club
 v - a +0 club
Missiles
 k - 46 stones (quivered)
 m - 13 bolts
Armour
 b - a +0 scale mail (worn)
 c - a +0 shield (worn)
 e - a +0 robe
 o - a cursed +0 robe
Scrolls
 d - 2 scrolls of immolation {unknown}
 h - 3 scrolls of identify {unknown}
 q - a scroll of amnesia {unknown}
Miscellaneous
 n - a plain deck of war
Comestibles
 f - a meat ration
 u - a chunk of flesh


   Skills:
 + Level 3.2 Fighting
 + Level 1.9 Maces & Flails
 + Level 3.2 Armour
 + Level 1.0 Dodging
 + Level 2.8 Shields


You had 3 spell levels left.
You didn't know any spells.

Dungeon Overview and Level Annotations

Branches:
Dungeon (1/15)

Altars:
Nemelex Xobeh


Innate Abilities, Weirdness & Mutations

You do not eat or drink.
Your flesh is vulnerable to fire.
Your flesh is cold resistant.
You are immune to negative energy.
Your system is resistant to poisons.
You are immune to unholy pain and torment.
You can survive without breathing.


Message History

The centaur warrior hits you. The centaur warrior closely misses you.
You hit the centaur warrior.
The centaur warrior is moderately wounded.
The centaur warrior hits you. You block the centaur warrior's attack.
You barely miss the centaur warrior.
The centaur warrior is moderately wounded.
The centaur warrior hits you! You block the centaur warrior's attack.
You hit the centaur warrior but do no damage.
The centaur warrior is moderately wounded.
The centaur warrior hits you. You block the centaur warrior's attack.
You hit the centaur warrior.
The centaur warrior is moderately wounded.
The centaur warrior hits you!
* * * LOW HITPOINT WARNING * * *
You block the centaur warrior's attack.
You closely miss the centaur warrior.
The centaur warrior is moderately wounded.
The centaur warrior hits you!
You die...
Your body disappears without a glow.

#..# #...+.'...# #..#
#.###.###.# #..# #.# #.# #.#
#..###'###.###'##
##..'.............
#...###'###.###'##
################...# #.# #.#
#.# #............>.'c..#
#.###.###.#
##.##########.##@..#
#...'.'...# #.#
#........(#.# #####.#####
#.# ###.####...(..# #.# #.#
#..........(..#######'######
#.#
#..........(................
#.#
#..............###......#...
#.# #..........(...#
#########.# #.#
#..............# #.. #.#
###............# ##.


You could see a centaur warrior.

Vanquished Creatures
  A crimson imp (D:1)
  3 giant geckos (D:1)
  A ball python (D:1)
  2 bats (D:1)
  5 hobgoblins (D:1)
  8 kobolds (D:1)
  A giant cockroach (D:1)
  2 giant newts (D:1)
  9 goblins (D:1)
  2 rats (D:1)
34 creatures vanquished.

Notes
Turn   | Place    | Note
--------------------------------------------------------------
     0 | D:1      | drack, the Mummy Fighter, began the quest for the Orb.
     0 | D:1      | Reached XP level 1. HP: 18/18 MP: 1/1
   198 | D:1      | Reached XP level 2. HP: 22/24 MP: 2/2
   266 | D:1      | Found a sparkling altar of Nemelex Xobeh.
   270 | D:1      | Became a worshipper of Nemelex Xobeh the Trickster
   291 | D:1      | Received a gift from Nemelex Xobeh
  1632 | D:1      | Reached XP level 3. HP: 25/29 MP: 3/3
  5939 | D:1      | Reached XP level 4. HP: 31/35 MP: 4/4
  5949 | D:1      | Reached skill level 1 in Dodging
  7113 | D:1      | Noticed a centaur warrior
  7124 | D:1      | Mangled by a centaur warrior

Action                   |  1- 3 |  4- 6 || total
-------------------------+-------+-------++-------
Melee: Flail             |   103 |    21 ||   124
